 Dungeon Crawl Stone Soup version 0.28-a0-268-g3f656e82c2 (webtiles) character file.

Game seed: 7667939331052956470

69 Malachi the Conjurer (level 4, -7/27 HPs)
             Began as an Octopode Conjurer on Aug 28, 2021.
             Was a Believer of Cheibriados.
             Killed from afar by Sigmund (9 damage)
             ... with a puff of flame
             ... on level 3 of the Dungeon.
             The game lasted 00:04:59 (2734 turns).

Malachi the Conjurer (Octopode Conjurer)            Turns: 2734, Time: 00:04:59

Health: -7/27      AC:  1    Str: 11    XL:     4   Next: 20%
Magic:  1/7        EV: 13    Int: 26    God:    Cheibriados [**....]
Gold:   56         SH:  0    Dex: 15    Spells: 1/7 levels left

rFire   . . .      SeeInvis .   c - +0 short sword (vorpal)
rCold   . . .      Faith    .   (no shield)
rNeg    . . .      Spirit   .   (helmet restricted)
rPois   .          Reflect  .   (no amulet)
rElec   .          Harm     .   (no ring)
rCorr   .          Rampage  .   (no ring)
Will    .....                   (no ring)
Stlth   +++.......              (no ring)
HPRegen 0.09/turn               (no ring)
MPRegen 0.10/turn               (no ring)
                                (no ring)
                                (no ring)

@: very slow
A: almost no armour, amphibious, 8 rings, camouflage 1, gelatinous body 1,
(nimble swimmer 1), tentacles
a: Renounce Religion, Bend Time


You were on level 3 of the Dungeon.
You worshipped Cheibriados.
Cheibriados was pleased with you.
You visited 1 branch of the dungeon, and saw 3 of its levels.

You collected 56 gold pieces.

Inventory:

Hand Weapons
 c - a +0 vorpal short sword (weapon)
Scrolls
 b - a scroll of teleportation


   Skills:
 + Level 2.1 Dodging
 + Level 3.3 Stealth
 + Level 2.3 Spellcasting
 + Level 5.1 Conjurations


You had one spell level left.
You knew the following spells:

 Your Spells              Type           Power      Damage    Failure   Level
a - Magic Dart            Conj           100%       1d8       1%          1
b - Searing Ray           Conj           58%        3d5       1%          2
c - Dazzling Flash        Conj/Hex       32%        N/A       11%         3

Your spell library contained the following spells:

 Spells                   Type           Power      Damage    Failure   Level
 Pain                     Necr           12%        1d4       10%         1
 Fulminant Prism          Conj/Hex       8%         3d7       34%         4
 Iskenderun's Mystic Bla  Conj/Tloc      16%        2d5       34%         4
 Agony                    Necr           3%         N/A       95%         5
 Excruciating Wounds      Necr           1%         N/A       95%         5


Dungeon Overview and Level Annotations

Branches:
Dungeon (3/15)

Altars:
Cheibriados

Annotations:
D:3 Jessica, Sigmund


Innate Abilities, Weirdness & Mutations

You cannot wear most types of armour.
You are amphibious.
You can wear up to eight rings at the same time.
Your skin changes colour to match your surroundings (Stealth+).
Your rubbery body absorbs attacks. (AC +1, EV +1)
((You are camouflaged near water. (Stealth+)))
You have tentacles for arms and can constrict up to eight enemies at once.


Message History

Unknown command.
Unknown command.
Casting: Searing Ray (safe; 1% risk of failure)
Confirm with . or Enter, or press ? or * to list all spells.
Okay, then.
Okay, then.
You aren't carrying any items that you can evoke.
Okay, then.
Casting: Searing Ray (safe; 1% risk of failure)
Confirm with . or Enter, or press ? or * to list all spells.
Aiming: Magic Dart (safe; 1% risk of failure)
Press: ? - help, Shift-Dir - straight line, f/p - Sigmund
Aim: Sigmund, wielding a +0 scythe and wearing a +0 robe (heavily wounded, 100% to hit)
The magic dart hits Sigmund.
Sigmund is heavily wounded.
Sigmund casts a spell at you. You resist with some effort.
Casting: Magic Dart (safe; 1% risk of failure)
Confirm with . or Enter, or press ? or * to list all spells.
Aiming: Magic Dart (safe; 1% risk of failure)
Press: ? - help, Shift-Dir - straight line, f/p - Sigmund
Aim: Sigmund, wielding a +0 scythe and wearing a +0 robe (heavily wounded, 100% to hit)
The magic dart hits Sigmund.
Sigmund is severely wounded.
Sigmund gestures at you while chanting.
You are confused.
Unknown command.
You are too confused!
You are too confused!
Sigmund barely misses you. Sigmund hits you with a +0 scythe.
Sigmund gestures at you while chanting. The magic dart hits you!
* * * LOW HITPOINT WARNING * * *
Sigmund hits you from afar with a +0 scythe.
* * * LOW HITPOINT WARNING * * *
You feel less confused. Sigmund gestures at you while chanting.
The puff of flame hits you!
You die...

#####..###...##.#.....
#.>..+..........
#..###...##..###
#......).......+
.......########..#.#
.####..########..#.# @.
#..##..........# ....
#..##.......#..##.....
.........)..@..@......
##..##.......#..##.....
... #......(##.# ....
#######.##.# ... #.##..
.. #+##..# # #... #.#.#
....


You could see Sigmund.

Vanquished Creatures
  2 adders
  A dart slug (D:2)
  An orc (D:3)
  A ball python (D:1)
  A bat (D:2)
  2 endoplasms
  3 giant cockroaches
  6 goblins
  A hobgoblin (D:2)
  2 jackals (D:2)
  5 quokkas
  6 frilled lizards
  8 kobolds
  7 rats
46 creatures vanquished.

Vanquished Creatures (others)
  7 plants (D:1)
7 creatures vanquished.

Grand Total: 53 creatures vanquished

Notes
Turn   | Place    | Note
-------+----------+-------------------------------------------
     0 | D:1      | Malachi the Octopode Conjurer began the quest for the Orb.
     0 | D:1      | Reached XP level 1. HP: 11/11 MP: 3/3
   301 | D:1      | Found a faded altar of an unknown god.
   329 | D:1      | Became a worshipper of Cheibriados the Contemplative
   329 | D:1      | Reached * piety under Cheibriados
   432 | D:1      | Reached XP level 2. HP: 13/17 MP: 1/5
   668 | D:1      | Learned a level 2 spell: Searing Ray
  1360 | D:1      | Reached XP level 3. HP: 21/21 MP: 3/6
  1364 | D:1      | Learned a level 3 spell: Dazzling Flash
  1833 | D:2      | Reached ** piety under Cheibriados
  1996 | D:2      | Reached skill level 5 in Conjurations
  2699 | D:3      | Reached XP level 4. HP: 27/27 MP: 7/7
  2722 | D:3      | Noticed Sigmund
  2724 | D:3      | Noticed Jessica
  2734 | D:3      | Killed from afar by Sigmund

Illustrated notes

Levels and vault maps discovered:
D:1:      roderic_crossed_star, layout_basic, chequers_ecumenical_altar_simple,
          minmay_misc_feat_iff, minmay_misc_feat_secret_circle,
          lexackson_kobold_supper
D:2:      layout_basic, dk_vineyard_2
D:3:      minmay_wonky_spiral, layout_basic, kennysheep_orc_sif_temple,
          uniq_jessica, uniq_sigmund

Skill      XL: |  1  2  3 |
---------------+----------+-----
Conjurations   | 5 |  5.1
Stealth        | 3 |  3.3
Dodging        | |  2.1
Spellcasting   | |  2.3

Action                   |  1- 3 |  4- 6 || total
-------------------------+-------+-------++-------
Melee: Unarmed           |    11 |       ||    11
       Constrict         |     6 |       ||     6
       Tentacles         |     2 |       ||     2
       Short sword       |    13 |     2 ||    15
 Cast: Magic Dart        |    37 |     2 ||    39
       Searing Ray       |    12 |     1 ||    13
       Dazzling Flash    |     1 |       ||     1
  Use: Scroll            |     5 |       ||     5
 Stab: Sleeping          |     2 |     2 ||     4
Dodge: Dodged            |    19 |     2 ||    21

Table legend: (Time is in decaauts)
 A = Elapsed time spent in this place.
 B = Non-inter-level travel time spent in this place.
 C = Inter-level travel time spent in this place.
 D = Time resting spent in this place.
 E = Time spent auto-exploring this place.
 F = Levels seen in this place.
 G = Mean time per level.
                   A        B        C        D        E       F      G
               +--------+--------+--------+--------+--------+-----+--------+
         Total |   3383 |   2997 |    386 |    358 |   2281 |   3 | 1127.7 |
       Dungeon |   3383 |   2997 |    386 |    358 |   2281 |   3 | 1127.7 |
               +--------+--------+--------+--------+--------+-----+--------+

Top non-repeatable levels by time:
     D:1: 2037 daAuts
     D:2: 1283 daAuts
     D:3: 63 daAuts
